 Dungeon Crawl Stone Soup version 0.20.0-15-g7f486f2 (webtiles) character file.

558 RaHiT the Ruffian (level 7, -3/61 HPs)
             Began as a Ghoul Gladiator on June 18, 2017.
             Slain by loom's ghost (14 damage)
             ... on level 4 of the Dungeon.
             The game lasted 00:15:29 (2957 turns).

RaHiT the Ruffian (Ghoul Gladiator)                 Turns: 2957, Time: 00:15:30

Health: -3/61      AC:  9    Str: 20    XL:     7   Next: 31%
Magic:  6/6        EV: 10    Int:  3    God:
Gold:   252        SH:  0    Dex: 10    Spells: 6/6 levels left

rFire    . . .     SeeInvis .     - Unarmed
rCold    + . .     Gourm    .   (no shield)
rNeg     + + +     Faith    .   y - +1 scale mail {rPois}
rPois    ∞         Spirit   .   b - +0 helmet
rElec    .         Reflect  .   (no cloak)
rCorr    .         Harm     .   k - +0 pair of gloves
MR       .....                  (no boots)
Stlth    ..........             (no amulet)
Regen    0.0/turn               (no ring)
MPRegen  0.1/turn               (no ring)

@: rotting, hasted, very quick
A: rotting body, claws 1, carnivore 3, cold resistance 1, negative energy
resistance 3, inhibited regeneration, torment resistance, unbreathing
a: no special abilities


You were on level 4 of the Dungeon.
You were not hungry.

You visited 1 branch of the dungeon, and saw 4 of its levels.

You collected 252 gold pieces.

Inventory:

Armour
 a - a +0 leather armour
 b - a +0 helmet (worn)
 k - a +0 pair of gloves (worn)
 l - a +0 buckler
 y - a +1 scale mail of poison resistance (worn)
Jewellery
 m - an uncursed amulet of magic regeneration {unknown}
 A - an uncursed amulet of harm {unknown}
Wands
 t - a wand of digging (1/24)
 x - a wand of confusion (5/48)
Scrolls
 e - 2 scrolls of amnesia {unknown}
 g - 2 scrolls of noise {unknown}
 i - 2 scrolls of remove curse
 j - a scroll of magic mapping
 q - 4 scrolls of teleportation {unknown}
 s - 2 scrolls of enchant armour {unknown}
 u - a scroll of recharging {unknown}
 v - a scroll of blinking {unknown}
 w - a scroll of fear {unknown}
Potions
 h - 2 potions of curing
 n - a potion of flight
 z - a potion of ambrosia {unknown}
 B - a potion of lignification {unknown}
Comestibles
 d - 2 meat rations
 f - 2 royal jellies


   Skills:
 - Level 5.4 Fighting
 - Level 1.7 Throwing
 - Level 3.0 Dodging
 * Level 0.0 Shields
 - Level 7.1 Unarmed Combat


You had 6 spell levels left.
You didn't know any spells.

Dungeon Overview and Level Annotations

Branches:
Dungeon (4/15)
 Temple: D:4-7

Altars:
Kikubaaqudgha
Yredelemnul

Annotations:
D:4 loom's ghost, novice HOFi


Innate Abilities, Weirdness & Mutations

Your body is rotting away.
You thrive on raw meat.
You are immune to poison.
You have sharp fingernails.
You are carnivorous and can eat meat at any time.
Your flesh is cold resistant. (rC+)
You are immune to negative energy. (rN+++)
You do not regenerate when monsters are visible.
You are immune to unholy pain and torment.
You can survive without breathing.


Message History

Loom's ghost hits you but does no damage.
You punch loom's ghost!
Loom's ghost is almost destroyed.
You completely miss loom's ghost.
Loom's ghost is almost destroyed.
Loom's ghost hits you.
* * * LOW HITPOINT WARNING * * *
You hit loom's ghost.
Loom's ghost is almost destroyed.
You hit loom's ghost but do no damage.
Loom's ghost is almost destroyed.
Loom's ghost barely misses you.
You hit loom's ghost but do no damage.
Loom's ghost is almost destroyed.
You hit loom's ghost but do no damage.
Loom's ghost is almost destroyed.
Loom's ghost hits you!
* * * LOW HITPOINT WARNING * * *
You feel better. Loom's ghost hits you!
You die...

........##.# #......
####...##.#.########.
#......###.........
.........#.####..##.
#.###.#.#<.## #..##. #.
#.#.#.## ##..... ### #.
#.#.#.#####...##.
....#.###...........####.
#....W@.#.#.#####.# #.
#....).(..#.# #.# #.
#.#.##...##.# #.####.
#.....)...#####.#....
####....#....)).#.###
####.#.#####.#.# #.#.#
#.#.# #.#.#####.#.#
#...........###


You could see loom's ghost.

Vanquished Creatures
  Sigmund (D:2)
  Eustachio (D:4)
  Jessica (D:2)
  Ijyb (D:3)
  An iguana (D:4)
  Robin (D:3)
  3 gnolls (D:4)
  4 adders
  An adder skeleton (D:4)
  2 worms
  2 dart slugs
  2 leopard geckos (D:3)
  7 orcs (D:3)
  4 giant cockroaches
  12 goblins
  10 hobgoblins
  4 jackals (D:2)
  7 kobolds
  4 quokkas
  8 bats
  4 frilled lizards
  7 rats
87 creatures vanquished.

Notes
Turn   | Place    | Note
-------+----------+-------------------------------------------
     0 | D:1      | RaHiT the Ghoul Gladiator began the quest for the Orb.
     0 | D:1      | Reached XP level 1. HP: 17/17 MP: 0/0
    70 | D:1      | Reached XP level 2. HP: 14/24 MP: 1/1
   317 | D:1      | Reached skill level 4 in Unarmed Combat
   722 | D:2      | Found an ancient bone altar of Kikubaaqudgha.
   757 | D:2      | Reached XP level 3. HP: 24/28 MP: 2/2
   891 | D:2      | Noticed Sigmund
   921 | D:2      | Killed Sigmund
   921 | D:2      | Reached skill level 6 in Unarmed Combat
   921 | D:2      | Reached XP level 4. HP: 6/36 MP: 3/3
   921 | D:2      | Reached XP level 5. HP: 7/41 MP: 4/4
  1440 | D:3      | Reached XP level 6. HP: 48/48 MP: 5/5
  1506 | D:3      | Noticed Jessica
  1538 | D:2      | Killed Jessica
  1538 | D:2      | Reached skill level 7 in Unarmed Combat
  1727 | D:3      | Noticed Robin
  1782 | D:3      | Killed Robin
  1909 | D:3      | Noticed Ijyb
  1937 | D:3      | Killed Ijyb
  1941 | D:3      | Found a basalt altar of Yredelemnul.
  2316 | D:4      | Got a polished trident
  2317 | D:4      | Identified the +6 trident of Checks and Balances {pierce, Str+3} (You found it on level 4 of the Dungeon)
  2543 | D:4      | Noticed Eustachio
  2575 | D:4      | Killed Eustachio
  2575 | D:4      | Reached skill level 5 in Fighting
  2575 | D:4      | Reached XP level 7. HP: 24/61 MP: 6/6
  2638 | D:4      | Noticed loom's ghost (novice HOFi)
  2956 | D:4      | HP: 3/61 [loom's ghost (12)]
  2957 | D:4      | Slain by loom's ghost

Skill      XL: |  1  2  3  4  5  6 |
---------------+-------------------+-----
Unarmed Combat | 4 6 7 |  7.1
Dodging        | 3 |  3.0
Fighting       | 5 |  5.4
Throwing       | |  1.7

Action                   |  1- 3 |  4- 6 |  7- 9 || total
-------------------------+-------+-------+-------++-------
Melee: Unarmed           |    86 |   237 |    27 ||   350
       Punch             |     2 |     4 |     2 ||     8
Throw: Throwing net      |     3 |       |     2 ||     5
Evoke: Wand              |       |       |     5 ||     5
  Use: Scroll            |     3 |       |       ||     3
       Potion            |     1 |       |     5 ||     6
 Stab: Sleeping          |       |     1 |       ||     1
  Eat: Chunk             |    12 |    40 |     6 ||    58
       Royal jelly       |       |       |     1 ||     1
Armor: Leather armour    |    13 |    39 |       ||    52
       Scale mail        |       |    42 |     8 ||    50
Dodge: Dodged            |    40 |   159 |     7 ||   206
